 Dungeon Crawl Stone Soup version 0.30-a0-2-gf48d83f5e2 (webtiles) character file.

Game seed: 16028006478255274593

23629 ytrimaz the Severer (level 12, -1/181 HPs)
             Began as a Minotaur Berserker on Aug 20, 2022.
             Was a High Priest of Trog.
             Slain by Sonja
             ... wielding a +1 short sword of distortion
              (18 damage)
             ... on level 13 of the Dungeon.
             The game lasted 00:16:51 (12512 turns).

ytrimaz the Severer (Minotaur Berserker)           Turns: 12512, Time: 00:16:52

Health: -1/181     AC: 32    Str: 29    XL:     12   Next: 73%
Magic:  11/11      EV:  7    Int:  4    God:    Trog [*****.]
Gold:   657        SH:  0    Dex: 15    Spells: 11/11 levels left

rFire   . . .      SeeInvis +    E - +1 battleaxe (freeze)
rCold   . . .      Faith    .    (shield currently unavailable)
rNeg    . . .      Spirit   .    j - +1 crystal plate armour of Generosity {+Blink Str+4 Dex+3}
rPois   +          Reflect  .    (helmet restricted)
rElec   .          Harm     .    C - +0 cloak
rCorr   .          Rampage  .    n - +0 pair of gloves
Will    ++...                    (no boots)
Stlth   ..........               (no amulet)
HPRegen 1.00/turn                A - ring of poison resistance
MPRegen 0.12/turn                x - +4 ring of protection

@: berserking, strong-willed, sick, regenerating, very quick
A: horns 2, retaliatory headbutt, see invisible
a: Renounce Religion, Evoke Blink, Berserk, Trog's Hand, Brothers in Arms


You were on level 13 of the Dungeon.
You worshipped Trog.
Trog was extremely pleased with you.
You visited 2 branches of the dungeon, and saw 15 of its levels.
You visited the Abyss 1 time.
You also visited: Sewer.

You collected 657 gold pieces.

Inventory:

Hand Weapons
 a - a +1 hand axe
 r - a +0 battleaxe
 y - a +2 war axe
 E - a +1 battleaxe of freezing (weapon)
Missiles
 F - 2 throwing nets
Armour
 j - the +1 crystal plate armour of Generosity (worn) {+Blink Str+4 Dex+3}
   (You acquired it on level 4 of the Dungeon)

   Str:       It affects your strength (+4).
   Dex:       It affects your dexterity (+3).
   +Blink:    It lets you blink.
 n - a +0 pair of gloves (worn)
 C - a +0 cloak (worn)
Jewellery
 o - a ring of protection from cold
 s - a ring of protection from fire
 v - a +4 ring of evasion
 w - a ring of flight
 x - a +4 ring of protection (right hand)
 A - a ring of poison resistance (left hand)
Wands
 d - a wand of flame (67)
 p - a wand of roots (17)
 B - a wand of paralysis (2)
 D - a wand of polymorph (6)
Scrolls
 g - 2 scrolls of summoning
 q - 5 scrolls of teleportation
 t - a scroll of poison
 u - a scroll of enchant weapon
 z - 4 scrolls of magic mapping
Potions
 b - a potion of haste
 c - a potion of might
 e - 6 potions of curing
 f - 6 potions of heal wounds
 h - 3 potions of brilliance
 i - 3 potions of magic
 k - 4 potions of flight
 l - 6 potions of lignification
 m - 2 potions of berserk rage
 G - a potion of attraction


   Skills:
 - Level 15.2 Fighting
 + Level 17.8 Axes
 - Level 15.4 Armour
 - Level 2.2 Dodging


You had 11 spell levels left.
You didn't know any spells.
Your spell library was empty.

Dungeon Overview and Level Annotations

Branches:
Dungeon (14/15)            Temple (1/1) D:4            Lair (0/5) D:9
    Orc (0/2) D:11          Sewer (visited)
 Vaults: D:13-14

Altars:
Ashenzari
Cheibriados
Dithmenos
Elyvilon
Fedhas
Gozag
Hepliaklqana
Kikubaaqudgha
Makhleb
Nemelex Xobeh
Okawaru
Qazlal
Ru
Sif Muna
Trog
Uskayaw
Vehumet
Wu Jian
Xom
Yredelemnul
Zin
The Shining One

Shops:
D:4 :   D:5 (

Portals:
Trove: D:11 (give 15 potions of curing)

Annotations:
D:13 Sonja


Innate Abilities, Weirdness & Mutations

You have a pair of horns on your head.
You reflexively headbutt those who attack you in melee.
You have supernaturally acute eyesight. (SInv)


Message History

You destroy the thrashing horror!
Trog accepts your kill.
You closely miss the hell hog.
Unknown command.
You slice the hell hog!! You freeze the hell hog.
You kill the hell hog!
Trog accepts your kill.
The substance of the Abyss twists violently, and a gateway leading out appears!
The hell hog breathes fire at you.
The fireball explodes!
The fireball engulfs you but does no damage.
You hear a roar!
Unknown command.
Unknown command.
You pass through the gate.
Welcome back to the Dungeon!
Level annotation: Sonja You feel a strong urge to attack something.
The centaur warrior wields a +0 shortbow.
The centaur warrior shoots an arrow.
The arrow hits you but does no damage. Sonja barely misses you.
Sonja hits you but does no damage. Space warps horribly around you!
* * * LOW HITPOINT WARNING * * *
Sonja hits you but does no damage. Space warps around you.
* * * LOW HITPOINT WARNING * * *
You miss Sonja.
The centaur warrior shoots an arrow.
The arrow hits you!
* * * LOW HITPOINT WARNING * * *
Sonja hits you but does no damage. Space warps around you.
* * * LOW HITPOINT WARNING * * *
Sonja hits you but does no damage. Sonja closely misses you.
Unknown command.
Unknown command.
You miss Sonja. Your headbutt misses Sonja.
The centaur warrior shoots an arrow.
The arrow hits you.
* * * LOW HITPOINT WARNING * * *
Unknown command.
You closely miss Sonja. You headbutt Sonja!
Sonja is heavily wounded.
Sonja hits you but does no damage. Space warps horribly around you!!
You die...

............>
##.......###.
#####.#####.# #.
######...#.#####.# #.
# #.........)))....#
#.
#.##+####...#.#######
#. #.... #...#.# #.
.....$###...#.# #.
#.....@....#.#
#.c...K....+.#
#..........###
#............#
#..........#.#
#.........=..#
#.......######
#......<.


You could see a centaur warrior and Sonja.

Vanquished Creatures
  A tentacled starspawn (Abyss:1)
  A vault guard (D:11)
  A centaur warrior (D:13)
  3 two-headed ogres
  Erica (D:9)
  3 hell hogs (Abyss:1)
  A thrashing horror (Abyss:1)
  A sixfirhy (Abyss:1)
  A deep elf pyromancer (D:14)
  A cyclops (D:11)
  2 large abominations (Abyss:1)
  Maggie (D:6)
  A kobold demonologist (D:9)
  A komodo dragon (D:11)
  An efreet (Abyss:1)
  4 trolls
  An ancient zyme (Abyss:1)
  Grinder (D:5)
  7 slime creatures
  3 blink frogs (Abyss:1)
  4 flying skulls (Abyss:1)
  A shadow (D:11)
  2 small abominations (Abyss:1)
  A wyvern (D:8)
  Grum (D:9)
  12 yaks
  A steam dragon (D:7)
  A neqoxec (Abyss:1)
  14 vampire mosquitoes
  3 wargs (D:9)
  An acid dragon (D:11)
  A water moccasin (D:5)
  3 orc warriors
  A black bear (D:5)
  An ogre (D:6)
  3 wolves (D:9)
  6 centaurs
  17 kobold brigands
  7 bullfrogs
  A necrophage (D:6)
  14 wights
  6 killer bees (D:11)
  An electric eel (D:11)
  2 howler monkeys
  4 hounds
  8 orc priests
  2 iguanas
  17 orc wizards
  11 gnolls
  8 adders
  A shadow imp (D:5)
  2 white imps (D:6)
  An ufetubus (D:6)
  2 worms (D:3)
  4 dart slugs
  45 orcs
  3 ball pythons
  4 bats
  4 endoplasms
  2 giant cockroaches (D:4)
  2 goblins
  5 hobgoblins
  3 jackals
  2 quokkas (D:2)
  A frilled lizard (D:1)
  21 kobolds
  6 rats
  A starspawn tentacle (Abyss:1)
299 creatures vanquished.

Vanquished Creatures (others)
  6 fungi
  7 plants (D:2)
  A starspawn tentacle (Abyss:1)
14 creatures vanquished.

Grand Total: 313 creatures vanquished

Notes
Turn   | Place    | Note
-------+----------+-------------------------------------------
     0 | D:1      | ytrimaz the Minotaur Berserker began the quest for the Orb.
     0 | D:1      | Reached XP level 1. HP: 19/19 MP: 0/0
   400 | D:1      | Reached skill level 4 in Axes
   419 | D:1      | Reached XP level 2. HP: 20/27 MP: 1/1
   571 | D:1      | Found a faded altar of an unknown god.
  1155 | D:1      | Identified a scroll of acquirement
  1155 | D:1      | Acquired a manual of Axes
  1207 | D:2      | Identified the +7 halberd of Devotion {speed, *Noise Drain
                  | rC+++ Int+5}
  1429 | D:2      | Reached XP level 3. HP: 25/34 MP: 2/2
  2340 | D:3      | Reached ** piety under Trog
  2345 | D:3      | Reached skill level 5 in Axes
  2795 | D:3      | Gained mutation: You have supernaturally acute eyesight.
                  | (SInv) [potion of mutation]
  2845 | D:3      | Reached XP level 4. HP: 33/41 MP: 3/3
  2854 | D:3      | Reached skill level 5 in Fighting
  2854 | D:3      | Reached skill level 6 in Axes
  3501 | D:4      | Found a glowing drain.
  3508 | D:4      | Acquired the +1 crystal plate armour of Generosity {+Blink
                  | Str+4 Dex+3}
  3535 | D:4      | HP: 3/63 [gnoll/+0 halberd (1)]
  3536 | D:4      | Reached XP level 5. HP: 3/48 MP: 4/4
  3537 | D:4      | Reached skill level 7 in Axes
  3674 | Sewer    | Entered a sewer
  3887 | Sewer    | Reached skill level 8 in Axes
  3887 | Sewer    | Reached XP level 6. HP: 50/57 MP: 5/5
  3938 | Sewer    | Found a white marble altar of Elyvilon.
  4066 | D:4      | Found a staircase to the Ecumenical Temple.
  4068 | D:4      | Identified the +3 great sword of Dissent {freeze, Fly Str-5
                  | Dex+4}
  4084 | Temple   | Entered the Ecumenical Temple
  4384 | D:4      | Found Meomelos's Book Boutique.
  4633 | D:5      | Entered Level 5 of the Dungeon
  4640 | D:5      | Reached *** piety under Trog
  4643 | D:5      | Found a blossoming altar of Fedhas.
  4649 | D:5      | Reached skill level 9 in Axes
  4995 | D:5      | Found a radiant altar of Vehumet.
  5010 | D:5      | Noticed Grinder
  5012 | D:5      | Found a shimmering blue altar of Sif Muna.
  5027 | D:5      | Killed Grinder
  5028 | D:5      | Reached skill level 10 in Axes
  5028 | D:5      | Reached XP level 7. HP: 56/64 MP: 6/6
  5179 | D:5      | Reached skill level 11 in Axes
  5313 | D:5      | Found Fugots's Weapon Shoppe.
  5532 | D:6      | Reached skill level 12 in Axes
  5639 | D:6      | Reached XP level 8. HP: 64/73 MP: 7/7
  5776 | D:6      | Noticed Maggie
  5787 | D:6      | Reached skill level 13 in Axes
  5787 | D:6      | Killed Maggie
  5788 | D:6      | Reached skill level 5 in Armour
  5920 | D:6      | Found a stormy altar of Qazlal.
  6022 | D:6      | Reached skill level 14 in Axes
  6055 | D:6      | Found a hazy altar of Hepliaklqana.
  6890 | D:7      | Reached **** piety under Trog
  6895 | D:7      | Reached XP level 9. HP: 59/81 MP: 8/8
  8463 | D:8      | Reached skill level 10 in Fighting
  8928 | D:9      | Reached skill level 10 in Armour
  9015 | D:9      | Found a staircase to the Lair.
  9017 | D:9      | Noticed a two-headed ogre
  9026 | D:9      | Reached XP level 10. HP: 94/94 MP: 9/9
  9037 | D:9      | Killed a two-headed ogre
  9487 | D:9      | Noticed Grum
  9503 | D:9      | Killed Grum
  9511 | D:9      | Reached ***** piety under Trog
  9531 | D:9      | Reached XP level 11. HP: 84/105 MP: 10/10
  9950 | D:9      | Noticed Erica
  9961 | D:9      | Killed Erica
 10107 | D:10     | Entered Level 10 of the Dungeon
 10863 | D:10     | Noticed a two-headed ogre
 10875 | D:10     | Killed a two-headed ogre
 11410 | D:11     | Noticed a vault guard
 11425 | D:11     | Killed a vault guard
 11637 | D:11     | Found a portal to a secret trove of treasure.
 11672 | D:11     | Reached skill level 15 in Armour
 11701 | D:11     | Noticed a two-headed ogre
 11711 | D:11     | Killed a two-headed ogre
 11713 | D:11     | Reached skill level 15 in Fighting
 11746 | D:11     | Found a staircase to the Orcish Mines.
 11955 | D:12     | Reached XP level 12. HP: 113/119 MP: 11/11
 11961 | D:12     | You fall into a shaft and drop 2 floors!
 12229 | D:13     | Noticed a centaur warrior
 12239 | D:13     | Killed a centaur warrior
 12240 | D:13     | Reached skill level 15 in Axes
 12251 | D:13     | Noticed Sonja
 12251 | D:13     | Noticed a centaur warrior
 12253 | Abyss:1  | Cast into level 1 of the Abyss (Sonja)
 12347 | Abyss:1  | Noticed a tentacled starspawn
 12355 | Abyss:1  | Killed a tentacled starspawn
 12405 | Abyss:1  | Reached skill level 16 in Axes
 12435 | Abyss:1  | Noticed a starcursed mass
 12483 | Abyss:1  | Reached skill level 17 in Axes
 12488 | Abyss:1  | Noticed a hell hog
 12489 | Abyss:1  | Noticed a hell hog
 12502 | Abyss:1  | Killed a hell hog
 12504 | Abyss:1  | Killed a hell hog
 12504 | Abyss:1  | Noticed a hell hog
 12504 | Abyss:1  | Noticed a hell hog
 12507 | Abyss:1  | Killed a hell hog
 12509 | D:13     | Escaped the Abyss
 12512 | D:13     | Slain by Sonja

Illustrated notes

Levels and vault maps discovered:
D:1:      lemuel_arrival_cross, layout_basic,
          hellmonk_ecumenical_altar_dog_temple
D:2:      wad_lake_hut, layout_basic, serial_forest, infiniplex_forest_end_2,
          infiniplex_forest_clump_diagonal, infiniplex_forest_straight_4,
          infiniplex_forest_diagonal, infiniplex_forest_join
D:3:      layout_loops_ring, grunt_ministairs_1
D:4:      layout_cave_pools, minmay_temple_entry_statues_fountains,
          serial_shops, shop, gup_sewer_entry_glass, dreamdust_gnoll_farm
D:5:      layout_gridville, lemuel_round_altar,
          mainiacjoe_overflow_catch_the_wave, serial_shops, shop,
          chequers_serial_rivers_small_b, chequers_serial_rivers_room_b,
          minivault_24, uniq_grinder
D:6:      layout_loops_ring, lemuel_tele_altar,
          mainiacjoe_overflow_small_starburst,
          minmay_fractal_squares_diagonal_5, uniq_maggie
D:7:      layout_basic, chequers_garden, corexii_corridor_pit
D:8:      layout_loops_corners, minmay_holes
D:9:      layout_roguey [special_room_kobold], erik_lair_orcish_takeover,
          uniq_erica, uniq_grum
D:10:     layout_irregular_city, minmay_variable_closet
D:11:     layout_big_octagon, enter_trove_5
D:12:     minmay_spotlight, layout_gridville, uniq_azrael, uniq_maurice
D:13:     layout_basic, lightli_vaults_fourway_checkpoint, st_stairs_13,
          nicolae_wwwww, uniq_sonja
D:14:     layout_basic, nicolae_ru_awakened_eye, uniq_roxanne
Temple:   minmay_crystal_spiral_temple

Skill      XL: |  1  2  3  4  5  6  7  8  9 10 11 12 |
---------------+-------------------------------------+-----
Axes           | 4 5 6 8 10 12 14 17 | 17.8
Fighting       | 4 5 6 7 8 10 12 15 | 15.2
Armour         | 3 4 6 10 13 15 | 15.4
Dodging        | |  2.2

Action                   |  1- 3 |  4- 6 |  7- 9 | 10-12 || total
-------------------------+-------+-------+-------+-------++-------
Melee: Hand axe          |    73 |   114 |   225 |   322 ||   734
       Headbutt          |    11 |    22 |    43 |    94 ||   170
       Punch             |     1 |     1 |     2 |     6 ||    10
       Battleaxe         |       |       |       |    75 ||    75
Invok: Berserk           |       |     2 |     4 |     6 ||    12
       Trog's Hand       |       |       |     2 |     3 ||     5
  Use: Scroll            |     7 |     3 |     8 |     2 ||    20
       Potion            |     1 |     1 |     1 |       ||     3
Armor: Animal skin       |     9 |       |       |       ||     9
       Leather armour    |     1 |     5 |       |       ||     6
       Crystal plate arm |       |    82 |   153 |   305 ||   540
Dodge: Dodged            |    54 |    45 |    83 |   136 ||   318

Table legend: (Time is in decaauts)
 A = Elapsed time spent in this place.
 B = Non-inter-level travel time spent in this place.
 C = Inter-level travel time spent in this place.
 D = Time resting spent in this place.
 E = Time spent auto-exploring this place.
 F = Levels seen in this place.
 G = Mean time per level.
                   A        B        C        D        E       F      G
               +--------+--------+--------+--------+--------+-----+--------+
         Total |  12450 |  12158 |    292 |    641 |   9793 |  17 |  732.4 |
       Dungeon |  11664 |  11455 |    209 |    627 |   9290 |  14 |  833.1 |
        Temple |    210 |    127 |     83 |      0 |    111 |   1 |  210.0 |
         Abyss |    247 |    247 |      0 |     13 |    107 |   1 |  247.0 |
         Sewer |    327 |    327 |      0 |      0 |    285 |   1 |  327.0 |
               +--------+--------+--------+--------+--------+-----+--------+

Top non-repeatable levels by time:
     D:6: 1263 daAuts
     D:2: 1195 daAuts
     D:1: 1176 daAuts
     D:9: 1161 daAuts
     D:3: 1133 daAuts
     D:7: 1086 daAuts
     D:8: 1018 daAuts
    D:10: 935 daAuts
     D:5: 866 daAuts
    D:11: 857 daAuts
     D:4: 674 daAuts
   Sewer: 327 daAuts
 Abyss:1: 247 daAuts
    D:14: 222 daAuts
  Temple: 210 daAuts
